 Dungeon Crawl Stone Soup version 0.29.1-14-g9c671dbff4 (webtiles) character file.

Game seed: 8725513143044261907

30 Heoruswealwe the Shooter (level 2, -3/24 HPs)
             Began as a Demigod Hunter on Feb 17, 2023.
             Slain by Sigmund
             ... wielding a +0 scythe
              (7 damage)
             ... on level 2 of the Dungeon.
             The game lasted 00:12:29 (994 turns).

Heoruswealwe the Shooter (Demigod Hunter)            Turns: 994, Time: 00:12:31

Health: -3/24      AC:  5    Str: 18    XL:     2   Next: 87%
Magic:  4/4        EV: 12    Int: 11    God:
Gold:   154        SH:  0    Dex: 17    Spells: 1/1 levels left

rFire   . . .      SeeInvis +   a - +0 shortbow
rCold   . . .      Faith    .   (shield currently unavailable)
rNeg    . . .      Spirit   .   c - +0 leather armour
rPois   .          Reflect  .   n - +0 helmet
rElec   .          Harm     .   (no cloak)
rCorr   .          Rampage  .   g - +0 pair of gloves
Will    .....                   (no boots)
Stlth   ++........              (no amulet)
HPRegen 0.08/turn               m - +6 ring of strength
MPRegen 0.09/turn               s - ring of see invisible

@: no status effects
A: high MP 1, forlorn, divine attributes
a: no special abilities


You were on level 2 of the Dungeon.
You visited 1 branch of the dungeon, and saw 2 of its levels.

You collected 154 gold pieces.

Inventory:

Hand Weapons
 a - a +0 shortbow (weapon)
 e - a +0 dagger
 f - a +0 dagger
 i - a +0 whip
 j - a +0 flail
 k - a +0 dagger
 l - a +0 club
 o - a +0 dagger
 t - a +0 dagger of venom
 x - a +0 whip
 B - a +0 spear
 C - a +0 club
Missiles
 h - 14 stones
Armour
 c - a +0 leather armour (worn)
 g - a +0 pair of gloves (worn)
 n - a +0 helmet (worn)
 y - a +0 pair of gloves
Jewellery
 m - a +6 ring of strength (left hand)
 q - a ring of ice
 s - a ring of see invisible (right hand)
Scrolls
 b - a scroll of immolation
 d - a scroll of poison {unknown}
 p - 2 scrolls of teleportation {unknown}
 r - 2 scrolls of magic mapping {unknown}
 u - a scroll of noise {unknown}
 v - a scroll of amnesia {unknown}
 w - a scroll of enchant weapon {unknown}
Potions
 z - a potion of brilliance {unknown}
 A - a potion of flight {unknown}


   Skills:
 + Level 2.1 Fighting
 + Level 3.9 Ranged Weapons
 + Level 1.0 Armour
 - Level 1.7 Dodging
 - Level 0.8 Stealth
 + Level 1.0 Evocations


You had one spell level left.
You didn't know any spells.
Your spell library contained the following spells:

 Spells                   Type           Power      Damage    Failure   Level
 Slow                     Hex            0%         N/A       38%         1
 Confusing Touch          Hex            0%         N/A       77%         3
 Vampiric Draining        Necr           0%         2d6       77%         3


Dungeon Overview and Level Annotations

Branches:
Dungeon (2/15)

Annotations:
D:2 Sigmund


Innate Abilities, Weirdness & Mutations

You have an increased reservoir of magic. (+10% MP)
You shall have no god before yourself.
Your divine heritage dramatically boosts your attributes as you level up.


Message History

Sigmund barely misses you.
You shoot an arrow. The arrow hits Sigmund!
Sigmund is heavily wounded.
Sigmund hits you from afar with a +0 scythe.
You are too injured to fight recklessly!
You are too injured to fight recklessly!
Fire: a) +0 shortbow
Press: ? - help, Q - select action, (/) - cycle Shift-Dir - straight line, f/p - Sigmund
Aim: Sigmund, wielding a +0 scythe and wearing a +0 robe (heavily wounded, 58% to hit)
You shoot an arrow. The arrow hits Sigmund.
Sigmund is severely wounded.
Sigmund closely misses you.
Fire: a) +0 shortbow
Press: ? - help, Q - select action, (/) - cycle Shift-Dir - straight line, f/p - Sigmund
Aim: Sigmund, wielding a +0 scythe and wearing a +0 robe (severely wounded, 58% to hit)
You shoot an arrow. The arrow hits Sigmund.
Sigmund is almost dead.
Sigmund mumbles some strange words.
Sigmund flickers and vanishes for a moment.
Fire: a) +0 shortbow
Press: ? - help, Q - select action, (/) - cycle Shift-Dir - straight line, f/p - Sigmund
Aim: Sigmund, wielding a +0 scythe and wearing a +0 robe (almost dead, slightly transparent, 58% to hit)
You shoot an arrow.
The arrow hits Sigmund but does no damage.
Sigmund is almost dead.
Sigmund hits you from afar with a +0 scythe.
Fire: a) +0 shortbow
Press: ? - help, Q - select action, (/) - cycle Shift-Dir - straight line, f/p - Sigmund
Aim: Sigmund, wielding a +0 scythe and wearing a +0 robe (almost dead, slightly transparent, 58% to hit)
You shoot an arrow. The arrow hits Sigmund.
Sigmund is almost dead.
Sigmund gestures at you while chanting. The magic dart hits you.
* * * LOW HITPOINT WARNING * * *
Fire: a) +0 shortbow
Press: ? - help, Q - select action, (/) - cycle Shift-Dir - straight line, f/p - Sigmund
Aim: Sigmund, wielding a +0 scythe and wearing a +0 robe (almost dead, slightly transparent, 58% to hit)
You shoot an arrow. The arrow closely misses Sigmund.
Sigmund hits you from afar with a +0 scythe!
You die...

#........#####......
#........#..........
#..............##...
#...................
##................
#######.................
#....................###
#.!..................#
#....@.@.............#
#.......######.......#
#.......# #########
#########


You could see Sigmund (invisible).

Vanquished Creatures
  A ball python (D:2)
  7 bats
  3 endoplasms (D:1)
  3 goblins
  3 hobgoblins
  A quokka (D:1)
  4 kobolds
  7 rats
29 creatures vanquished.

Notes
Turn   | Place    | Note
-------+----------+-------------------------------------------
     0 | D:1      | Heoruswealwe the Demigod Hunter began the quest for the
                  | Orb.
     0 | D:1      | Reached XP level 1. HP: 17/17 MP: 3/3
   265 | D:1      | Reached XP level 2. HP: 24/24 MP: 4/4
   668 | D:1      | Reached skill level 1 in Evocations
   726 | D:2      | Reached skill level 1 in Armour
   979 | D:2      | Noticed Sigmund
   994 | D:2      | Slain by Sigmund

Illustrated notes

Levels and vault maps discovered:
D:1:      arrival_zaba_pyramid, layout_rooms, nrook_uturn
D:2:      layout_basic, uniq_sigmund

Skill      XL: |  1  2 |
---------------+-------+-----
Fighting       | 2 |  2.1
Evocations     | 1 |  1.0
Armour         | 1 |  1.0
Ranged Weapons | |  3.9
Dodging        | |  1.7
Stealth        | |  0.8

Action                   || total
-------------------------++-------
 Fire: Shortbow          ||    77
Armor: Leather armour    ||     7
Dodge: Dodged            ||    33
